[Event "2.Internationales Spandauer Weihnachtso"]
[Site "Spandau"]
[Date "2016.12.30"]
[Round "7.1"]
[White "Meister, Jakob"]
[Black "Ahmadinia, Ebrahim"]
[Result "1-0"]
[ECO "A16"]
[WhiteElo "2444"]
[BlackElo "2357"]
[Annotator "Stelti"]
[PlyCount "118"]
[EventDate "2016.??.??"]
[BlackTeamCountry "IRI"]
[TimeControl "6000+735"]
[WhiteClock "0:35:31"]
[BlackClock "0:00:51"]

1. c4 Nf6 2. Nc3 g6 3. e4 d6 4. d4 Bg7 5. Bd3 O-O 6. Nge2 e5 7. d5 Na6 8. Ng3
c6 9. O-O Nc5 10. Be2 a5 11. Be3 cxd5 12. cxd5 Bd7 13. Bxc5 dxc5 14. Bb5 Ne8
15. Bxd7 Qxd7 16. Qa4 Qd8 17. Nb5 Qd7 18. Ne2 f5 19. Nec3 fxe4 20. d6 Nf6 21.
Rad1 Kh8 22. Nc7 Rac8 23. Qxd7 Nxd7 24. Nxe4 Bf6 25. Rd5 b6 26. a4 Kg8 27. Re1
Bd8 28. Nb5 Kf7 29. Nd2 Ke6 30. Rd3 Rf4 31. b3 h5 32. Nc4 Rf5 33. g3 g5 34. f3
Rb8 35. Kg2 Rb7 36. Rde3 Kd5 37. h3 h4 38. g4 Rf4 39. Nxe5 Nxe5 40. Rxe5+ Kc6
41. Re8 Rd7 42. R1e4 Rff7 43. Kf2 Bf6 44. Ke2 Bg7 45. R8e6 Bb2 46. f4 gxf4 47.
Kf3 Bc1 48. Rh6 Rg7 49. Re8 Bb2 50. Rxh4 Rh7 51. Rc8+ Kd5 52. Rxh7 Rxh7 53. h4
Rxh4 54. d7 Rh3+ 55. Kxf4 Bf6 56. g5 Be7 57. Re8 Bd8 58. Rxd8 Ke6 59. g6 Kd5 {
Ke4+} 1-0

[Event "2.Spand. W-Open 2016"]
[Site "Berlin"]
[Date "2016.12.30"]
[Round "7.7"]
[White "Gebigke, Martin"]
[Black "Kirschbaum, Heinrich"]
[Result "1/2-1/2"]
[BlackElo "2400"]
[ECO "E94"]
[Opening "Klassisches System (Königsindische Verteidigung)"]
[Variation "7.O-O Nbd7 8.Be3 c6 9.d5"]
[WhiteElo "2400"]
[TimeControl "240+6"]
[Termination "normal"]
[PlyCount "93"]
[WhiteType "human"]
[BlackType "human"]

1. d4 g6 2. e4 Bg7 3. Nf3 d6 4. c4 Nf6 5. Nc3 O-O 6. Be2 Nbd7 7. O-O e5 8.
Be3 c6 9. Rb1 a5 10. d5 Qe7 11. Ne1 Ne8 12. g4 f5 13. gxf5 gxf5 14. exf5 e4
15. f4 Ndf6 16. c5 Bxf5 17. dxc6 bxc6 18. Kh1 dxc5 19. Rg1 Kh8 20. Qa4 Nd5
21. Nxd5 cxd5 22. Qc6 Rc8 23. Qxd5 Be6 24. Qg5 Bf6 25. Qh6 Ng7 26. Bg4 Bxg4
27. Rxg4 Nf5 28. Qh3 Bd4 29. Nc2 Rc6 30. Re1 Rcf6 31. b3 Qe6 32. Rg5 Nxe3
33. Qxe6 Rxe6 34. Nxe3 Rxf4 35. Re2 Rf3 36. Rg3 Ref6 37. Kg2 Rxg3+ 38. hxg3
Re6 39. Nc4 Bc3 40. g4 Kg7 41. Kg3 a4 42. bxa4 Ra6 43. Re3 Bd4 44. Ra3 e3
45. Nxe3 Bxe3 46. Rxe3 Rxa4 47. Rc3 1/2-1/2